 Dungeon Sprint DCSS version 0.30-a0-1160-g6e42c06551 (webtiles) character file.

Game seed: 6257259114339020275

2523 dialectric the Basher (level 9, -12/94 HPs)
             Began as a Green Draconian Chaos Knight on Apr 25, 2023.
             Was a Plaything of Xom.
             Mangled by Kirke (14 damage)
             ... in the Dungeon (Sprint II: "The Violet Keep of Menkaure").
             The game lasted 00:03:59 (551 turns).

dialectric the Basher (Green Draconian Chaos Knight) Turns: 551, Time: 00:03:59

Health: -12/94     AC:  8    Str: 16    XL:     9   Next: 29%
Magic:  9/9        EV: 16    Int: 14    God:    Xom [....*.]
Gold:   709        SH:  0    Dex: 18    Spells: 8/8 levels left

rFire   . . .        j - +1 quarterstaff "Urhuiw" {speed, Dex+3}
rCold   . . .        (shield currently unavailable)
rNeg    . . .        (body armour unavailable)
rPois   +            (helmet restricted)
rElec   .            (no cloak)
rCorr   .            i - +0 pair of gloves {Dex+3}
SInv    .            (no boots)
Will    .....        (no amulet)
Stlth   +++          (no ring)
HPRegen 0.35/turn    (no ring)
MPRegen 0.11/turn

%: no teleportation, random rage (3%)
@: on berserk cooldown, slowed, very slow
A: breathe noxious fumes, AC +7, unfitting armour, poison resistance,
cold-blooded, berserk 1
a: Breathe Noxious Fumes, Renounce Religion


You were in the Dungeon.
You worshipped Xom.
You were a beloved toy of Xom.
You visited 1 branch You collected 1058 gold pieces.
You spent 349 gold pieces at shops.

Inventory:

Hand Weapons
 a - a +0 mace of chaos
 j - the +1 quarterstaff "Urhuiw" (weapon) {speed, Dex+3}
   (You bought it in a shop in the Dungeon)

   Dex:       It affects your dexterity (+3).
Armour
 i - a +0 pair of gloves of dexterity (worn)
Wands
 g - a wand of iceblast (5)
Potions
 c - a potion of curing
 f - 2 potions of magic
Miscellaneous
 b - a piece from Xom's chessboard (15/15) (quivered)


   Skills:
 + Level 13.7 Fighting
 + Level 14.8(15.2) Maces & Flails
 + Level 5.1(10.9) Staves
 + Level 7.3 Dodging
 - Level 3.1 Stealth


You had 8 spell levels left.
You didn't know any spells.
Your spell library was empty.

Dungeon Overview and Level Annotations

Branches:
Dungeon (1/1)

Altars:
Cheibriados
Dithmenos
Elyvilon
Fedhas
Gozag
Kikubaaqudgha
Makhleb
Nemelex Xobeh
Sif Muna
Trog
Uskayaw
Jiyva
Lugonu

Shops:
D :=!(=?[?::=[?!!

Annotations:
D exclusions: obsidian statue, oklob plant and orange crystal statue, Kirke


Innate Abilities, Weirdness & Mutations

You can breathe blasts of noxious fumes.
Your lurid green scales are hard. (AC +7)
You cannot fit into any form of body armour.
Your system is resistant to poisons. (rPois)
You are cold-blooded and may be slowed by cold attacks.
You sometimes lose your temper in combat.


Message History

The lindwurm closely misses you.
The lindwurm claws you but does no damage.
The lindwurm closely misses you.
You hit the lindwurm.
The lindwurm is moderately wounded.
A centaur warrior comes into view.
The obsidian statue slips into the dungeon's darkness for a moment.
Unknown command.
The centaur warrior shouts!
You hit the lindwurm but do no damage. You tail-slap the lindwurm.
The lindwurm is moderately wounded.
The centaur warrior wields a +0 shortbow.
The centaur warrior shoots an arrow.
The arrow hits you!
The lindwurm is engulfed in poison gas.
The lindwurm looks even sicker.
The lindwurm bites you!
* * * LOW HITPOINT WARNING * * *
The lindwurm claws you but does no damage. x2
Kirke is engulfed in poison gas.
Kirke looks as sick as possible!
Kirke hits you.
* * * LOW HITPOINT WARNING * * *
You hit Kirke. You tail-slap Kirke.
Kirke is lightly wounded.
The lindwurm is engulfed in poison gas.
The lindwurm looks as sick as possible!
The lindwurm closely misses you.
The lindwurm claws you but does no damage.
The lindwurm misses you. Kirke closely misses you.
The yaktaur captain closely misses the lindwurm.
The centaur warrior shoots an arrow.
The arrow hits you!!
* * * LOW HITPOINT WARNING * * *
Unknown command.
You feel much better.
The centaur warrior shoots an arrow.
The arrow hits you!!
* * * LOW HITPOINT WARNING * * *
The lindwurm is engulfed in poison gas.
The lindwurm looks as sick as possible!
The lindwurm closely misses you. The lindwurm misses you.
The lindwurm claws you!
* * * LOW HITPOINT WARNING * * *
Kirke whispers, "Not even holy moly will save you."
Kirke hits you!
You die...
Xom guffaws!

####'#### ##.......##
##....°....## +..°○○8.○.○○# @
###....○☼.°○# YK.~##..°....#
##########~c#+++#+++## ..
#########~~~....@kc..# .^
.....∩.∩#~~~~.##@##..# #.
....∩.∩.#~~~~##.#.##.#### .##k
...∩.∩..#~~~~#..#..# ...# .^.#
..∩.∩...#~~#####.#####..#####..#
.⌠.∩....#~##.###'###.##..#..'..#
..∩.∩...#~#.#.##.##.###..#).#.S#
...∩.∩..'~'.##'.<.'##.+.k####..##
......∩.#~#..###.##...#...k###.^.


You could see Kirke (extremely poisoned), a yaktaur captain (confused,
poisoned), an obsidian statue, a centaur warrior and a lindwurm (summoned,
extremely poisoned).

Vanquished Creatures
  A skeletal warrior (D)
  2 cane toads (D)
  A kobold demonologist (D)
  3 neqoxecs (D)
  Menkaure (D)
  A water moccasin (D)
  4 necrophages (D)
  5 scorpions (D)
  3 worms (D)
21 creatures vanquished.

Vanquished Creatures (others)
  A dancing weapon (D)
1 creature vanquished.

Grand Total: 22 creatures vanquished

Notes
Turn   | Place    | Note
-------+----------+-------------------------------------------
     0 | D        | dialectric the Draconian Chaos Knight began the quest for
                  | the Orb.
     0 | D        | Reached XP level 1. HP: 19/19 MP: 1/1
     1 | D        | Noticed a neqoxec
     4 | D        | Killed a neqoxec
     5 | D        | Reached skill level 6 in Maces & Flails
     5 | D        | Reached XP level 2. HP: 35/35 MP: 2/2
     5 | D        | Reached XP level 3. HP: 40/40 MP: 3/3
     5 | D        | Reached XP level 4. HP: 48/48 MP: 4/4
    39 | D        | Noticed a scorpion
    39 | D        | Noticed a scorpion
    46 | D        | Killed a scorpion
    46 | D        | XOM: potion effect (invisibility)
    47 | D        | Reached skill level 7 in Maces & Flails
    47 | D        | Reached XP level 5. HP: 33/56 MP: 5/5
    54 | D        | Reached skill level 8 in Maces & Flails
    57 | D        | Reached skill level 9 in Maces & Flails
    57 | D        | Reached skill level 5 in Dodging
    57 | D        | Reached XP level 6. HP: 33/64 MP: 6/6
    62 | D        | Reached skill level 10 in Fighting
    62 | D        | Reached skill level 1 in Stealth
    65 | D        | Noticed an obsidian statue
    67 | D        | Noticed Menkaure
    68 | D        | Found Tonat's Distillery.
    69 | D        | Noticed a neqoxec
    70 | D        | Killed Menkaure
    71 | D        | Reached skill level 10 in Maces & Flails
    71 | D        | Found Tiarumpi's Magic Scroll Shoppe.
    71 | D        | Found Hyeq's Distillery.
    72 | D        | Found Ungic's Jewellery Shoppe.
    72 | D        | Found Lagupn's Book Emporium.
    72 | D        | Found Reuth's Antique Armour Shoppe.
    72 | D        | Noticed a neqoxec
    98 | D        | Killed a neqoxec
    99 | D        | Your scales start taking on a lurid green colour.
    99 | D        | Reached XP level 7. HP: 51/74 MP: 7/7
    99 | D        | Gained mutation: Your system is resistant to poisons.
                  | (rPois) [Green Draconian growth]
   117 | D        | Gained mutation: You sometimes lose your temper in combat.
                  | [a neqoxec]
   125 | D        | Killed a neqoxec
   126 | D        | Reached skill level 11 in Maces & Flails
   134 | D        | Found a snail-covered altar of Cheibriados.
   135 | D        | Found a shadowy altar of Dithmenos.
   136 | D        | Found a white marble altar of Elyvilon.
   136 | D        | Found an ancient bone altar of Kikubaaqudgha.
   136 | D        | Found a viscous altar of Jiyva.
   137 | D        | Found a blossoming altar of Fedhas.
   137 | D        | Found a corrupted altar of Lugonu.
   137 | D        | Found a shimmering blue altar of Sif Muna.
   138 | D        | Found an opulent altar of Gozag.
   138 | D        | Found a burning altar of Makhleb.
   138 | D        | Found a bloodstained altar of Trog.
   139 | D        | Found a sparkling altar of Nemelex Xobeh.
   139 | D        | Found a hide-covered altar of Uskayaw.
   142 | D        | Noticed a cane toad
   143 | D        | Noticed a cane toad
   149 | D        | Killed a cane toad
   150 | D        | Reached skill level 12 in Maces & Flails
   150 | D        | Reached XP level 8. HP: 56/83 MP: 8/8
   164 | D        | XOM: god gift: runed bone wand {god gift}
   190 | D        | Reached skill level 13 in Maces & Flails
   192 | D        | Noticed an orange crystal statue
   208 | D        | Found Ficim's Book Emporium.
   208 | D        | Found Bukuach's Magic Scroll Shoppe.
   208 | D        | Found Vavvuem's Antique Armour Emporium.
   210 | D        | Found Heshreb's Magic Scroll Emporium.
   210 | D        | Found Variakal's Jewellery Shoppe.
   210 | D        | Found Bischuof's Antique Weapon Emporium.
   211 | D        | Found Tyxzego's Distillery.
   211 | D        | Found Viepnas's Jewellery Emporium.
   212 | D        | Noticed an oklob plant
   213 | D        | Found Jebudun's Book Shoppe.
   214 | D        | Noticed a manticore
   214 | D        | Noticed a manticore
   256 | D        | Noticed a manticore
   268 | D        | Bought a pair of runed gloves for 187 gold pieces
   274 | D        | Bought a polished quarterstaff for 162 gold pieces
   274 | D        | Identified the +1 quarterstaff "Urhuiw" {speed, Dex+3} (You
                  | bought it in a shop in the Dungeon)
   343 | D        | XOM: summons friendly shadow imp
   344 | D        | Killed a cane toad
   348 | D        | Noticed a death drake
   357 | D        | Noticed a death drake
   520 | D        | Noticed Kirke
   520 | D        | Noticed a yaktaur captain
   520 | D        | Noticed a skeletal warrior
   520 | D        | Noticed a kobold demonologist
   521 | D        | Noticed an elephant
   537 | D        | Killed a skeletal warrior
   537 | D        | XOM: confuse monster(s)
   538 | D        | Reached skill level 14 in Maces & Flails
   538 | D        | Reached XP level 9. HP: 93/93 MP: 9/9
   540 | D        | Killed a kobold demonologist
   541 | D        | Reached skill level 5 in Staves
   545 | D        | Noticed a lindwurm
   546 | D        | XOM: scenery: 1 doors open, 6 doors close
   548 | D        | Noticed a centaur warrior
   550 | D        | HP: 1/94 [centaur warrior/arrow (19)]
   551 | D        | Mangled by Kirke

Illustrated notes

Levels and vault maps discovered:
D:        the_violet_keep_of_menkaure [sprint2_stairs_cluster_1,
          sprint2_shoproom, sprint2_temple, sprint2_basic_supplies,
          sprint2_obstacle_4, sprint2_obstacle_1, sprint2_obstacle_3,
          sprint2_obstacle_6, sprint2_obstacle_5, sprint2_timed_cluster_1,
          sprint2_smallroom_cluster_1, sprint2_smallroom_final_cluster_1,
          sprint2_transparent_cluster_1, sprint2_second_timed_cluster_1,
          sprint2_sniper_area_1, sprint2_heavy_combat_area_1,
          sprint2_mutation_trap_area_1, sprint2_forest_area_1,
          sprint2_light_combat_area_1, sprint2_behind_water_1,
          sprint2_near_end_vault_1]

Skill      XL: |  1  2  3  4  5  6  7  8  9 |
---------------+----------------------------+-----
Fighting       | 7 8 9 11 12 13 | 13.7
Maces & Flails | 6 7 9 10 12 14 | 14.8
Dodging        | 4 5 6 7 |  7.3
Stealth        | 3 |  3.1
Staves         | 4 5 |  5.1

Action                     |  1- 3 |  4- 6 |  7- 9 || total
---------------------------+-------+-------+-------++-------
  Melee: Mace              |     2 |    29 |    41 ||    72
         Tailslap          |     2 |     4 |    16 ||    22
         Quarterstaff      |       |       |    33 ||    33
         Punch             |       |       |     1 ||     1
Ability: Breathe Noxious F |       |       |     1 ||     1
    Use: Potion            |     1 |       |     2 ||     3
         Scroll            |       |       |     1 ||     1
   Stab: Invisible         |       |     5 |     5 ||    10
         Sleeping          |       |     3 |     3 ||     6
 Armour: Skin              |       |     3 |    12 ||    15
  Dodge: Dodged            |       |    14 |    40 ||    54

Table legend: (Time is in decaauts)
 A = Elapsed time spent in this place.
 B = Non-inter-level travel time spent in this place.
 C = Inter-level travel time spent in this place.
 D = Time resting spent in this place.
 E = Time spent auto-exploring this place.
 F = Levels seen in this place.
 G = Mean time per level.
                   A        B        C        D        E       F      G
               +--------+--------+--------+--------+--------+-----+--------+
         Total |    560 |    560 |      0 |    180 |     69 |   1 |  560.0 |
       Dungeon |    560 |    560 |      0 |    180 |     69 |   1 |  560.0 |
               +--------+--------+--------+--------+--------+-----+--------+

Top non-repeatable levels by time:
       D: 560 daAuts
